 Dungeon Crawl Stone Soup version 0.16.1 (webtiles) character file.

223 timbw the Insei (level 5, -4/37 HPs)
             Began as a Vampire Venom Mage on Mar 23, 2015.
             Slain by a sky beast (5 damage)
             ... on level 6 of the Dungeon.
             The game lasted 00:06:34 (2907 turns).

timbw the Insei (Vampire Venom Mage)                Turns: 2907, Time: 00:06:34

Health: -4/37      AC:  3    Str:  7    XL:     5   Next: 66%
Magic:  9/9        EV: 13    Int: 17    God:
Gold:   201        SH:  0    Dex: 15    Spells: 2 memorised, 5 levels left

rFire  . . .     SeeInvis +       - Unarmed
rCold  . . .     Clarity  .     e - +0 leather armour
rNeg   . . .     SustAb   .     (no shield)
rPois  .         Gourm    .     h - +0 hat {MR+}
rElec  .         Spirit   .     (no cloak)
rCorr  .         Warding  .     (no gloves)
rMut   .         Stasis   .     (no boots)
MR     +....                    (no amulet)
Stlth  ++........               (no ring)
                                (no ring)

@: regenerating quickly, somewhat resistant to hostile enchantments, unstealthy
A: bottle blood, fangs 3, see invisible, unbreathing
a: no special abilities


You were on level 6 of the Dungeon.
You were very full.

You visited 1 branch of the dungeon, and saw 6 of its levels.

You collected 201 gold pieces.

Inventory:

Armour
 a - a +0 robe
 e - a +0 leather armour (worn)
 h - a +0 hat of magic resistance (worn)
Scrolls
 c - 5 scrolls of identify {unknown}
 i - 2 scrolls of blinking {unknown}
 k - a scroll of amnesia {unknown}
 l - 2 scrolls of random uselessness {unknown}
 m - a scroll of immolation {unknown}
 o - a scroll of enchant weapon {unknown}
 p - a scroll of teleportation {unknown}
 q - a scroll of recharging {unknown}
Potions
 f - a potion of agility
Books
 b - a Young Poisoner's Handbook

   Spells                             Type                      Level
   a - Sting                          Conjuration/Poison           1
   b - Cure Poison                    Poison                       2
   c - Mephitic Cloud                 Conjuration/Poison/Air       3
   d - Olgreb's Toxic Radiance        Poison                       4
   e - Venom Bolt                     Conjuration/Poison           5
 d - a book of Maledictions

   Spells                             Type                      Level
   a - Corona                         Hexes                        1
   b - Sure Blade                     Hexes/Charms                 2
   c - Ensorcelled Hibernation        Hexes/Ice                    2
   d - Confuse                        Hexes                        3
   e - Dazzling Spray                 Conjuration/Hexes            3
   f - Enslavement                    Hexes                        4


   Skills:
 + Level 1.5 Fighting
 + Level 3.5 Dodging
 - Level 3.0 Stealth
 * Level 4.8 Unarmed Combat
 - Level 2.0 Spellcasting
 - Level 3.6 Poison Magic


You had 5 spell levels left.
You knew the following spells:

 Your Spells              Type           Power        Failure   Level  Hunger
a - Sting                 Conj/Pois      #...         17%         1    #......
b - Cure Poison           Pois           ##........   12%         2    ###....


Dungeon Overview and Level Annotations

Branches:
Dungeon (6/15)
 Temple: D:4-7

Altars:
Cheibriados

Annotations:
D:4 Dowan, Duvessa


Innate Abilities, Weirdness & Mutations

Your natural rate of healing is unusually fast.
You can bottle blood from corpses.
You have razor-sharp teeth.
You have supernaturally acute eyesight.
You can survive without breathing.


Message History

A centaur skeleton comes into view.
You see here a metal-bound book.
d - a book of Maledictions The quokka closely misses you.
A giant gecko comes into view.
The quokka bites you.
Found a stone staircase leading up.
The sky beast flickers out of sight for a moment.
You hear the slow rusting of a very distant drain.
The quokka bites you.
* * * LOW HITPOINT WARNING * * *
The shadow imp puffs mist at you. The phantom hits you.
* * * LOW HITPOINT WARNING * * *
The sky beast flickers out of sight for a moment.
The quokka barely misses you. The sky beast hits you.
* * * LOW HITPOINT WARNING * * *
The sky beast shocks you.
You die...

#. #.#### ####....# ..
....#.#.# ######.....
......#.###.......#..K
......l...rW..<.###...#
...........Y@#####...#
........≈..5......... #..
..........g#..####.# ..#
......###.##......## #.# B
..._..###.####.....##..## ..
............5...B.......##..
....g##..######....#.#.#...
... #...# #.......#..... .
#.#.# #....5.###....


You could see a phantom, a sky beast (invisible), a shadow imp, a giant gecko, a
quokka and a goblin.

Vanquished Creatures
  A quasit (D:5)
  Robin (D:4)
  7 adders
  3 worms
  4 giant geckos
  2 oozes
  2 orcs
  7 giant cockroaches
  11 goblins
  13 hobgoblins
  5 jackals
  7 kobolds
  2 quokkas (D:3)
  A ball python (D:3)
  6 bats
  6 giant newts
  7 rats
85 creatures vanquished.

Vanquished Creatures (others)
  A hound (D:4)
  A worker ant (D:4)
  An adder (D:4)
  2 worms (D:4)
  A ball python (D:4)
  2 bats (D:4)
  A hobgoblin (D:4)
  A kobold (D:4)
  2 giant cockroaches (D:4)
  2 goblins (D:4)
14 creatures vanquished.

Grand Total: 99 creatures vanquished

Notes
Turn   | Place    | Note
--------------------------------------------------------------
     0 | D:1      | timbw, the Vampire Venom Mage, began the quest for the Orb.
     0 | D:1      | Reached XP level 1. HP: 13/13 MP: 3/3
    67 | D:1      | Reached skill level 1 in Unarmed Combat
   172 | D:1      | Reached XP level 2. HP: 17/19 MP: 4/4
   709 | D:1      | Reached XP level 3. HP: 17/24 MP: 6/6
  1248 | D:2      | Reached XP level 4. HP: 31/31 MP: 4/7
  1553 | D:3      | Reached skill level 4 in Unarmed Combat
  1604 | D:3      | Reached skill level 1 in Fighting
  1740 | D:3      | Learned a level 2 spell: Cure Poison
  2277 | D:3      | Reached XP level 5. HP: 32/37 MP: 9/9
  2499 | D:4      | Noticed Robin
  2565 | D:4      | Killed Robin
  2678 | D:4      | Noticed Duvessa
  2678 | D:4      | Noticed Dowan
  2702 | D:5      | Entered Level 5 of the Dungeon
  2854 | D:6      | Noticed a phantom
  2881 | D:6      | Noticed a sky beast
  2896 | D:6      | Found a snail-covered altar of Cheibriados.
  2907 | D:6      | HP: 1/37 [sky beast (5)]
  2907 | D:6      | Slain by a sky beast

Action                   |  1- 3 |  4- 6 || total
-------------------------+-------+-------++-------
Melee: Unarmed           |   183 |   229 ||   412
 Cast: Sting             |    14 |    27 ||    41
  Use: Potion            |     1 |     4 ||     5
 Stab: Sleeping          |     3 |     3 ||     6
       Distracted        |     1 |       ||     1
  Eat: Corpse            |    10 |    11 ||    21
